 Dungeon Crawl Stone Soup version 0.31-a0-986-g5e6e4ef867 (webtiles) character file.

Game seed: 11341057646710503371

48 sokol815 the Shield-Bearer (level 3, -9/35 HPs)
             Began as a Gnoll Fighter on Nov 4, 2023.
             Killed by divine providence
             ... invoked by an orc priest
              (13 damage)
             ... on level 3 of the Dungeon.
             The game lasted 00:02:43 (1462 turns).

sokol815 the Shield-Bearer (Gnoll Fighter)          Turns: 1462, Time: 00:02:44

Health: -9/35      AC:  7    Str: 17    XL:     3   Next: 72%
Magic:  4/4        EV:  9    Int:  7    God:
Gold:   159        SH:  5    Dex: 11    Spells: 4/4 levels left

rFire   . . .        a - +0 war axe
rCold   . . .        c - +0 buckler
rNeg    . . .        b - +0 scale mail
rPois   .            (no helmet)
rElec   .            (no cloak)
rCorr   .            (no gloves)
SInv    .            (no boots)
Will    .....        (no amulet) Stlth
                     (no ring)
HPRegen 0.25/turn    (no ring)
MPRegen 0.09/turn

%: no passive effects
@: no status effects
A: fangs 1, strong nose, distributed training
a: no special abilities


You were on level 3 of the Dungeon.
You visited 1 branch of the dungeon, and saw 3 of its levels.

You collected 159 gold pieces.

Inventory:

Hand Weapons
 a - a +0 war axe (weapon)
Missiles
 s - 17 stones
Armour
 b - a +0 scale mail (worn)
 c - a +0 buckler (worn)
Jewellery
 X - a ring of resist corrosion
   (You found it on level 1 of the Dungeon)
Scrolls
 d - a scroll of poison {unknown}
 e - a scroll of enchant weapon {unknown}
 i - a scroll of teleportation {unknown}
 k - 2 scrolls of identify {unknown}
Potions
 f - a potion of berserk rage {unknown}
 g - a potion of heal wounds {unknown}
 h - a potion of mutation {unknown}
 j - a potion of curing {unknown}
 M - a potion of might


   Skills:
 + Level 6.5 Fighting
 + Level 1.0 Short Blades
 + Level 1.0 Long Blades
 + Level 4.6 Axes
 + Level 1.0 Maces & Flails
 + Level 1.0 Polearms
 + Level 1.0 Staves
 + Level 1.0 Ranged Weapons
 + Level 1.0 Throwing
 + Level 6.5 Armour
 + Level 1.0 Dodging
 + Level 1.0 Stealth
 + Level 6.5 Shields
 + Level 1.0 Unarmed Combat
 + Level 1.0 Spellcasting
 + Level 0.7 Conjurations
 + Level 0.7 Hexes
 + Level 0.7 Summonings
 + Level 0.7 Necromancy
 + Level 0.7 Translocations
 + Level 0.7 Transmutations
 + Level 0.7 Fire Magic
 + Level 0.7 Ice Magic
 + Level 0.7 Air Magic
 + Level 0.7 Earth Magic
 + Level 0.7 Poison Magic
 + Level 1.0 Invocations
 + Level 1.0 Evocations
 + Level 0.8 Shapeshifting


You had 4 spell levels left.
You didn't know any spells.
Your spell library contained the following spells:

 Spells                   Type           Power      Damage    Failure   Level
 Sandblast                Erth           2%         2d4       75%         1
 Passwall                 Tmut/Erth      0%         N/A       87%         2
 Stone Arrow              Conj/Erth      2%         3d7       98%         3
 Tukima's Dance           Hex            1%         N/A       98%         3
 Brom's Barrelling Bould  Conj/Erth      1%         2d3       100%        4
 Passage of Golubria      Tloc           1%         N/A       100%        4
 Yara's Violent Unravell  Hex/Tmut       0%         3d3       100%        5


Dungeon Overview and Level Annotations

Branches:
Dungeon (3/15) Zot: 16507

Altars:
Uskayaw


Innate Abilities, Weirdness & Mutations

You have very sharp teeth.
Your uncanny sense of smell can sniff out nearby items.
Your experience applies equally to all skills.


Message History

You miss the frilled lizard. The frilled lizard closely misses you.
You closely miss the frilled lizard.
The frilled lizard bites you but does no damage.
You closely miss the frilled lizard.
The frilled lizard bites you but does no damage.
You miss the frilled lizard. The frilled lizard bites you.
You block the frilled lizard's attack.
You take 1 damage, and have 32/35 hp.
You slash the frilled lizard!
You kill the frilled lizard!
No target in view!
You pick up Great Wizards, Vol.
VII and begin reading...
You add the spells Tukima's Dance, Passage of Golubria and Yara's Violent Unravelling to your library.
Health restored: 35 You now have 115 gold pieces (gained 12).
Found a stone staircase leading up.
There is a stone staircase leading up here.
You now have 120 gold pieces (gained 5).
You see here a +0 leather armour.
Done exploring.
Done exploring.
A quokka comes into view.
The quokka bites you but does no damage.
You hit the quokka.
You kill the quokka!
No target in view!
Done exploring.
There is a stone staircase leading down here.
You climb downwards.
There is a stone staircase leading up here.
A kobold is nearby!
You closely miss the kobold. The kobold closely misses you.
You hit the kobold. Your bite misses the kobold.
The kobold hits you with a +0 club.
You take 2 damage, and have 33/35 hp.
You hit the kobold.
You kill the kobold!
No target in view!
You now have 140 gold pieces (gained 20).
You now have 159 gold pieces (gained 19).
An orc comes into view. It is wielding a +0 short sword.
Found a stone staircase leading down.
Health restored: 35 An orc and an orc priest come into view.
The orc priest shouts!
An orc comes into view. It is wielding a +0 flail.
The orc shouts!
The orc hits you but does no damage.
You closely miss the orc. The orc hits you with a +0 short sword.
You block the orc's attack.
You take 4 damage, and have 31/35 hp.
You hit the orc.
The orc priest invokes the aid of Beogh against you.
Beogh smites you! You block the orc's attack.
You take 11 damage, and have 20/35 hp.
MASSIVE DAMAGE!!
You barely miss the orc.
The orc priest casts a cantrip, but nothing happens.
You hit the orc but do no damage.
The orc priest calls upon Beogh to heal the orc.
The orc's wounds heal themselves!
The orc hits you but does no damage. The orc barely misses you.
The orc priest calls down the wrath of Beogh upon you.
Beogh smites you!
You take 7 damage, and have 14/35 hp.
Unknown command.
You completely miss the orc. Your bite misses the orc.
You closely miss the orc. The orc barely misses you.
The orc priest casts a cantrip, but nothing happens.
The orc hits you but does no damage.
You slash the orc!
You kill the orc!
You hit the orc but do no damage. The orc closely misses you.
Your Short Blades skill increases to level 1!
Your Long Blades skill increases to level 1!
Your Maces & Flails skill increases to level 1!
Your Polearms skill increases to level 1!
Your Staves skill increases to level 1!
Your Ranged Weapons skill increases to level 1!
Your Throwing skill increases to level 1!
Your Dodging skill increases to level 1!
Your Stealth skill increases to level 1!
Your Unarmed Combat skill increases to level 1!
Your Spellcasting skill increases to level 1!
Your Evocations skill increases to level 1!
You hit the orc priest. You hit the orc but do no damage.
You block the orc's attack. You block the orc priest's attack.
You hit the orc priest. You closely miss the orc.
The orc hits you with a +0 mace.
The orc priest calls down the wrath of Beogh upon you.
Pain shoots through your body!
* * * LOW HITPOINT WARNING * * *
The orc barely misses you.
You take 12 damage, and have 3/35 hp.
MASSIVE DAMAGE!!
You closely miss the orc priest. You hit the orc. You barely miss the orc.
The orc hits you but does no damage. The orc closely misses you.
The orc priest calls down the wrath of Beogh upon you.
Beogh smites you!
You die...

#...........#
##...........#
#.........###...
#######.#.#
###.#.#
######.#.#.###.#
.............>.#
............#..#
#.###o@#...# .#
#oo#...# .. ∆
#..#...# ..
.......# .
...[###.# #.#...
.. .....# .#.
##.#..#


You could see an orc priest and 2 orcs.

Vanquished Creatures
  An adder (D:2)
  A dart slug (D:1)
  A worm (D:2)
  An orc (D:3)
  2 bats (D:1)
  2 endoplasms
  5 goblins
  5 hobgoblins
  3 quokkas
  3 ball pythons
  4 frilled lizards
  3 kobolds
  3 rats (D:2)
34 creatures vanquished.

Notes
Turn   | Place    | Note
-------+----------+-------------------------------------------
     0 | D:1      | sokol815 the Gnoll Fighter began the quest for the Orb.
     0 | D:1      | Reached XP level 1. HP: 23/23 MP: 1/1
   202 | D:1      | Reached XP level 2. HP: 29/29 MP: 2/2
   767 | D:2      | Reached XP level 3. HP: 34/35 MP: 3/3
   810 | D:2      | Reached skill level 1 in Invocations
   957 | D:2      | Found a hide-covered altar of Uskayaw.
  1460 | D:3      | Reached skill level 1 in Short Blades
  1460 | D:3      | Reached skill level 1 in Long Blades
  1460 | D:3      | Reached skill level 1 in Maces & Flails
  1460 | D:3      | Reached skill level 1 in Polearms
  1460 | D:3      | Reached skill level 1 in Staves
  1460 | D:3      | Reached skill level 1 in Ranged Weapons
  1460 | D:3      | Reached skill level 1 in Throwing
  1460 | D:3      | Reached skill level 1 in Dodging
  1460 | D:3      | Reached skill level 1 in Stealth
  1460 | D:3      | Reached skill level 1 in Unarmed Combat
  1460 | D:3      | Reached skill level 1 in Spellcasting
  1460 | D:3      | Reached skill level 1 in Evocations
  1461 | D:3      | HP: 3/35 [orc priest/nerve-wracking pain (9)]
  1462 | D:3      | Killed from afar by an orc priest

Illustrated notes

Levels and vault maps discovered:
D:1:      onia_arrival_pentagram, layout_basic
D:2:      layout_loops_ring, basic_altar
D:3:      layout_basic, nicolae_shop_unique_rings, uniq_ijyb, uniq_natasha

Skill      XL: |  1  2  3 |
---------------+----------+-----
Invocations    | 1 |  1.0
Short Blades   | 1 |  1.0
Long Blades    | 1 |  1.0
Maces & Flails | 1 |  1.0
Polearms       | 1 |  1.0
Staves         | 1 |  1.0
Ranged Weapons | 1 |  1.0
Throwing       | 1 |  1.0
Dodging        | 1 |  1.0
Stealth        | 1 |  1.0
Unarmed Combat | 1 |  1.0
Spellcasting   | 1 |  1.0
Evocations     | 1 |  1.0
Fighting       | |  6.5
Axes           | |  4.6
Armour         | |  6.5
Shields        | |  6.5
Conjurations   | |  0.7
Hexes          | |  0.7
Summonings     | |  0.7
Necromancy     | |  0.7
Translocations | |  0.7
Transmutations | |  0.7
Fire Magic     | |  0.7
Ice Magic      | |  0.7
Air Magic      | |  0.7
Earth Magic    | |  0.7
Poison Magic   | |  0.7
Shapeshifting  | |  0.8

Action                     || total
---------------------------++-------
  Melee: War axe           ||   100
         Bite              ||     9
 Armour: Scale mail        ||    53
  Dodge: Dodged            ||    38
  Block: Buckler           ||    29

Table legend: (Time is in decaauts)
 A = Elapsed time spent in this place.
 B = Non-inter-level travel time spent in this place.
 C = Inter-level travel time spent in this place.
 D = Time resting spent in this place.
 E = Time spent auto-exploring this place.
 F = Levels seen in this place.
 G = Mean time per level.
                   A        B        C        D        E       F      G
               +--------+--------+--------+--------+--------+-----+--------+
         Total |   1491 |   1465 |     26 |      0 |   1232 |   3 |  497.0 |
       Dungeon |   1491 |   1465 |     26 |      0 |   1232 |   3 |  497.0 |
               +--------+--------+--------+--------+--------+-----+--------+

Top non-repeatable levels by time:
     D:2: 770 daAuts
     D:1: 687 daAuts
     D:3: 33 daAuts

Levels and vault maps discovered:
D:1:      onia_arrival_pentagram, layout_basic
D:2:      layout_loops_ring, basic_altar
D:3:      layout_basic, nicolae_shop_unique_rings, uniq_ijyb, uniq_natasha

Table legend: (Time is in decaauts)
 A = Elapsed time spent in this place.
 B = Non-inter-level travel time spent in this place.
 C = Inter-level travel time spent in this place.
 D = Time resting spent in this place.
 E = Time spent auto-exploring this place.
 F = Levels seen in this place.
 G = Mean time per level.
                   A        B        C        D        E       F      G
               +--------+--------+--------+--------+--------+-----+--------+
         Total |   1491 |   1465 |     26 |      0 |   1232 |   3 |  497.0 |
       Dungeon |   1491 |   1465 |     26 |      0 |   1232 |   3 |  497.0 |
               +--------+--------+--------+--------+--------+-----+--------+

Top non-repeatable levels by time:
     D:2: 770 daAuts
     D:1: 687 daAuts
     D:3: 33 daAuts

Table legend:
 A = Kills in this place as a percentage of kills in the entire game.
 B = Kills by you in this place as a percentage of kills by you in the entire game.
 C = Kills by friends in this place as a percentage of kills by friends in the entire game.
 D = Other kills in this place as a percentage of other kills in the entire game.
 E = Experience gained in this place as a percentage of experience gained in the entire game.
 F = Experience gained in this place divided by the number of levels of this place that you have seen.
                   A       B       C       D       E      F
               +-------+-------+-------+-------+-------+----------------------
         Total | 100.0 | 100.0 |   N/A |   N/A | 100.0 |  23.0
       Dungeon | 100.0 | 100.0 |   N/A |   N/A | 100.0 |  23.0
               +-------+-------+-------+-------+-------+----------------------
